 Dungeon Crawl Stone Soup version 0.20.1-1-g8b1a95d (webtiles) character file.

2034 Peloso the Carver (level 9, -3/77 HPs)
             Began as a Minotaur Fighter on July 28, 2017.
             Was a Believer of Okawaru.
             Slain by a human
             ... wielding a cursed +0 flail
              (9 damage)
             ... on level 6 of the Dungeon.
             The game lasted 00:12:58 (5242 turns).

Peloso the Carver (Minotaur Fighter)                Turns: 5242, Time: 00:12:58

Health: -3/77      AC: 12    Str: 22    XL:     9   Next: 3%
Magic:  8/8        EV:  7    Int:  5    God:    Okawaru [**....]
Gold:   315        SH: 11    Dex: 12    Spells: 8/8 levels left

rFire    . . .     SeeInvis .   a - +1 long sword (holy)
rCold    + . .     Gourm    .   c - +0 shield
rNeg     . . .     Faith    .   I - +0 chain mail
rPois    .         Spirit   .   (helmet restricted)
rElec    .         Reflect  .   (no cloak)
rCorr    +         Harm     .   (no gloves)
MR       .....                  A - +0 pair of boots
Stlth    ..........             (no amulet)
Regen    0.3/turn               o - ring of resist corrosion
MPRegen  0.2/turn               H - ring of protection from cold

@: no status effects
A: retaliatory headbutt, horns 2
a: Heroism, Renounce Religion


You were on level 6 of the Dungeon.
You worshipped Okawaru.
Okawaru was pleased with you.
You were very hungry.

You visited 2 branches of the dungeon, and saw 7 of its levels.

You collected 371 gold pieces.
You spent 56 gold pieces at shops.

Inventory:

Hand Weapons
 a - a +1 long sword of holy wrath (weapon)
 t - a cursed -3 dagger
Armour
 c - a +0 shield (worn)
 A - a +0 pair of boots (worn)
 I - a +0 chain mail (worn)
Jewellery
 o - a ring of resist corrosion (left hand)
 u - an uncursed ring of positive energy
 y - an uncursed ring of protection from fire
 H - a ring of protection from cold (right hand)
Wands
 C - a wand of iceblast (5/15)
 M - a wand of digging (12/24)
Scrolls
 e - 12 scrolls of identify
 g - 3 scrolls of amnesia {unknown}
 i - a scroll of magic mapping {unknown}
 j - 3 scrolls of enchant weapon {unknown}
 k - 4 scrolls of fog {unknown}
 m - a scroll of random uselessness {unknown}
 n - 2 scrolls of blinking {unknown}
 s - a scroll of remove curse {unknown}
 v - 3 scrolls of immolation {unknown}
 B - a scroll of fear {unknown}
 D - a scroll of teleportation {unknown}
 F - a scroll of noise {unknown}
 K - a scroll of acquirement {unknown}
Potions
 b - a potion of brilliance
 d - 2 potions of might
 l - a potion of heal wounds {unknown}
 q - a potion of cancellation
 r - a potion of curing {unknown}
 z - a potion of lignification {unknown}
 E - a potion of haste {unknown}
 J - a potion of ambrosia {unknown}
 L - a potion of mutation {unknown}
Books
 p - a book of Necromancy

   Spells                             Type                      Level
   a - Pain                           Necromancy                   1
   b - Animate Skeleton               Necromancy                   1
   c - Vampiric Draining              Necromancy                   3
   d - Regeneration                   Charms/Necromancy            3
   e - Animate Dead                   Necromancy                   4
   f - Control Undead                 Necromancy                   4
 G - a book of Minor Magic

   Spells                             Type                      Level
   a - Magic Dart                     Conjuration                  1
   b - Blink                          Translocation                2
   c - Call Imp                       Summoning                    2
   d - Slow                           Hexes                        2
   e - Conjure Flame                  Conjuration/Fire             3
   f - Mephitic Cloud                 Conjuration/Poison/Air       3
Comestibles
 f - 4 bread rations
 h - 6 fruits
 w - 5 meat rations
 x - 2 royal jellies


   Skills:
 + Level 6.3 Fighting
 + Level 8.7 Long Blades
 + Level 7.7 Armour
 + Level 2.7 Dodging
 + Level 1.0 Stealth
 + Level 7.1 Shields
 + Level 1.1 Evocations


You had 8 spell levels left.
You didn't know any spells.

Dungeon Overview and Level Annotations

Branches:
Dungeon (6/15)             Temple (1/1) D:4

Altars:
Ashenzari
Cheibriados
Elyvilon
Gozag
Kikubaaqudgha
Makhleb
Nemelex Xobeh
Okawaru
Qazlal
Ru
Uskayaw
Vehumet
Yredelemnul

Shops:
D:4 %   D:5 *


Innate Abilities, Weirdness & Mutations

You reflexively headbutt those who attack you in melee.
You have a pair of horns on your head.


Message History

The human is lightly wounded.
The human hits you with an enchanted flail.
* * * LOW HITPOINT WARNING * * *
Your shield and chain mail prevent you from hitting the human.
The human is lightly wounded.
The human barely misses you.
It was a potion of brilliance.
You feel clever all of a sudden.
It was a potion of cancellation.
Your magical effects are unravelling.
You feel magically purged.
You feel a little less clever now. The human closely misses you.
You closely miss the human.
The human is lightly wounded.
The human closely misses you.
You hit the human but do no damage. You headbutt the human.
The human is moderately wounded.
The human hits you with an enchanted flail!
You die...

#.#######.........# #.#
###############
#.###(....
###.....#######
#.........(...#
#.#####(#####. #.# #(#
#.# #(# #########.# #@#
##.........# #p..)....
#..#######.# .........
#..≈###########..?......
#.≈........≈≈#....###...
#..≈.≈.≈.≈._≈##.#.# ..
#.≈........≈≈##. .# .
#..≈###########. .#
#####


You could see a human.

Vanquished Creatures
  4 humans (D:6)
  Duvessa (D:4)
  3 ice beasts (D:5)
  5 ogres
  A necrophage (D:6)
  Dowan (D:4)
  A howler monkey (D:4)
  A bullfrog zombie (D:5)
  A centaur skeleton (D:5)
  An orc wizard (D:5)
  A bullfrog skeleton (D:4)
  3 orc priests
  An iguana (D:4)
  A worker ant (D:4)
  A hound skeleton (D:4)
  Robin (D:3)
  4 adders
  4 gnolls (D:5)
  A howler monkey skeleton (D:5)
  An ooze (D:5)
  6 worms
  2 dart slugs (D:1)
  4 leopard geckos
  18 orcs
  3 ball pythons
  7 giant cockroaches
  14 goblins
  7 hobgoblins
  3 jackals (D:1)
  6 kobolds
  5 quokkas
  3 bats (D:1)
  2 frilled lizards (D:3)
  A leopard gecko skeleton (D:4)
  A quokka zombie (D:5)
  3 rats (D:1)
122 creatures vanquished.

Notes
Turn   | Place    | Note
-------+----------+-------------------------------------------
     0 | D:1      | Peloso the Minotaur Fighter began the quest for the Orb.
     0 | D:1      | Reached XP level 1. HP: 19/19 MP: 0/0
    59 | D:1      | Reached XP level 2. HP: 17/27 MP: 1/1
   498 | D:1      | Reached XP level 3. HP: 33/33 MP: 2/2
   552 | D:1      | Reached skill level 3 in Long Blades
   899 | D:2      | Found a white marble altar of Elyvilon.
  1098 | D:2      | Reached XP level 4. HP: 32/41 MP: 3/3
  1507 | D:2      | Found an opulent altar of Gozag.
  1816 | D:3      | Reached skill level 1 in Dodging
  1947 | D:3      | Noticed Robin
  1978 | D:3      | Killed Robin
  2599 | D:4      | Found Useraip's Food Boutique.
  2648 | D:4      | Noticed an ogre
  2655 | D:4      | Killed an ogre
  2655 | D:4      | Reached skill level 4 in Long Blades
  2655 | D:4      | Reached skill level 5 in Armour
  2655 | D:4      | Reached XP level 5. HP: 47/47 MP: 4/4
  2829 | D:4      | Reached skill level 5 in Shields
  2829 | D:4      | Reached XP level 6. HP: 37/53 MP: 5/5
  2898 | D:4      | Noticed Dowan
  2900 | D:4      | Noticed Duvessa
  2924 | D:4      | Killed Duvessa
  2933 | D:4      | Killed Dowan
  2933 | D:4      | Reached skill level 5 in Long Blades
  3227 | D:4      | Found a staircase to the Ecumenical Temple.
  3255 | D:4      | Reached XP level 7. HP: 12/60 MP: 6/6
  3510 | Temple   | Entered the Ecumenical Temple
  3520 | Temple   | Became a worshipper of Warmaster Okawaru
  3602 | D:4      | Found an opulent altar of Gozag.
  3878 | D:5      | Entered Level 5 of the Dungeon
  3893 | D:5      | Reached skill level 6 in Long Blades
  4246 | D:5      | Reached skill level 5 in Fighting
  4305 | D:5      | Reached skill level 1 in Evocations
  4346 | D:5      | Reached skill level 7 in Long Blades
  4422 | D:5      | Found a shattered altar of Ashenzari.
  4429 | D:5      | Reached XP level 8. HP: 47/68 MP: 7/7
  4441 | D:5      | Found a hide-covered altar of Uskayaw.
  4443 | D:5      | Found a snail-covered altar of Cheibriados.
  4495 | D:5      | Reached * piety under Okawaru
  4541 | D:5      | Found a sparkling altar of Nemelex Xobeh.
  4692 | D:5      | Found Jeps's General Store.
  4696 | D:5      | Bought a potion of might for 56 gold pieces
  5074 | D:6      | Found a basalt altar of Yredelemnul.
  5074 | D:6      | Found a sparkling altar of Nemelex Xobeh.
  5128 | D:6      | Found a sacrificial altar of Ru.
  5202 | D:6      | Reached ** piety under Okawaru
  5202 | D:6      | Reached skill level 8 in Long Blades
  5219 | D:6      | Reached skill level 1 in Stealth
  5234 | D:6      | Reached XP level 9. HP: 14/77 MP: 8/8
  5242 | D:6      | Slain by a human

Skill      XL: |  1  2  3  4  5  6  7  8 |
---------------+-------------------------+-----
Fighting       | 4 5 6 |  6.3
Armour         | 4 5 6 7 |  7.7
Long Blades    | 3 4 5 7 8 |  8.7
Shields        | 4 5 7 |  7.1
Dodging        | 1 2 |  2.7
Evocations     | 1 |  1.1
Stealth        | 1 |  1.0

Action                   |  1- 3 |  4- 6 |  7- 9 || total
-------------------------+-------+-------+-------++-------
Melee: Long sword        |   104 |   116 |   203 ||   423
       Headbutt          |    12 |    23 |    37 ||    72
Evoke: Wand              |       |     3 |     2 ||     5
  Use: Scroll            |       |     1 |       ||     1
       Potion            |       |       |     2 ||     2
 Stab: Distracted        |       |     1 |       ||     1
  Eat: Chunk             |     1 |     7 |     5 ||    13
Armor: Scale mail        |    46 |    34 |    10 ||    90
       Chain mail        |       |       |    49 ||    49
Dodge: Dodged            |    27 |    30 |    56 ||   113
Block: Shield            |    62 |    63 |    82 ||   207
       Rpst.: Long sword |     6 |     8 |    18 ||    32
